 Dungeon Crawl Stone Soup version 0.31-a0-408-gb642c7f9a3 (webtiles) character file.

Game seed: 9362846415585106563

12 floatRand the Ruffian (level 2, -3/23 HPs)
             Began as a Draconian Shapeshifter on July 29, 2023.
             Frozen to death by an endoplasm (5 damage)
             ... on level 1 of the Dungeon.
             The game lasted 00:00:09 (159 turns).

floatRand the Ruffian (Draconian Shapeshifter)       Turns: 159, Time: 00:00:09

Health: -3/23      AC:  4    Str: 17    XL:     2   Next: 20%
Magic:  2/2        EV: 12    Int:  8    God:
Gold:   20         SH:  0    Dex: 11    Spells: 1/1 levels left

rFire   . .          .
                       - Unarmed
rCold   . . .        (no shield)
rNeg    . . .        (body armour unavailable)
rPois   .            (helmet currently unavailable)
rElec   .            (cloak currently unavailable)
rCorr   .            (gloves currently unavailable)
SInv    .            (boots currently unavailable)
Will    .....        (no amulet)
Stlth   +            (no ring)
HPRegen 0.23/turn    (no ring)
MPRegen 0.08/turn

%: no passive effects
@: beast-form, slowed, very slow
A: beast (slay +2), AC +4, unfitting armour, cold-blooded
a: Begin Untransformation


You were on level 1 of the Dungeon.
You were a hulking beast.
You visited 1 branch of the dungeon, and saw 1 of its levels.

You collected 20 gold pieces.

Inventory:

Talismans
 b - a beast talisman
Potions
 a - a potion of lignification


   Skills:
 - Level 1.1 Fighting
 - Level 1.7 Dodging
 * Level 3.4 Unarmed Combat
 + Level 3.1 Shapeshifting


You had one spell level left.
You didn't know any spells.
Your spell library was empty.

Dungeon Overview and Level Annotations

Branches:
Dungeon (1/15)

Altars:


Innate Abilities, Weirdness & Mutations

You are a hulking beast.
Your limbs bulge with bestial killing power. (Slay +2)
Your plain brown scales are hard. (AC +4)
You cannot fit into any form of body armour.
You are cold-blooded and may be slowed by cold attacks.


Message History

The gnoll is heavily wounded.
The gnoll completely misses you.
You hit the gnoll. You punch the gnoll.
The gnoll is almost dead.
The gnoll closely misses you.
You barely miss the gnoll.
The gnoll is almost dead.
The gnoll hits you with a +0 flail!
Ouch! That really hurt!
* * * LOW HITPOINT WARNING * * *
The rat closely misses you.
You hit the gnoll.
You kill the gnoll!
The rat bites you but does no damage.
You have reached level 2!
You are too injured to fight recklessly!
An endoplasm comes into view.
The endoplasm quivers.
The rat misses you.
Unknown command.
You are too injured to fight recklessly!
Unknown command.
Unknown command.
You hit the rat.
You kill the rat!
You see here a rat corpse.
An endoplasm is nearby!
You are too injured to fight recklessly!
You are too injured to fight recklessly!
The endoplasm jiggles.
The endoplasm freezes you.
You are frozen.
* * * LOW HITPOINT WARNING * * *
You feel yourself slow down.
You are too injured to fight recklessly!
You hit the endoplasm. You tail-slap the endoplasm.
The endoplasm is heavily wounded.
The endoplasm freezes you.
You are frozen.
You die...

#.## ##... ##...## .....##
##..... ..... .. #.J###....
#.h....... #..######.
#########.†######.
#..........)?....$
#######.######..########
................#
.###.##.#####...###### #####
.# #.##.# #..........####...#
.###.##.###.#...####......#.#


You could see an endoplasm.

Vanquished Creatures
  A gnoll (D:1)
  A frilled lizard (D:1)
  2 rats (D:1)
4 creatures vanquished.

Notes
Turn   | Place    | Note
-------+----------+-------------------------------------------
     0 | D:1      | floatRand the Draconian Shapeshifter began the quest for
                  | the Orb.
     0 | D:1      | Reached XP level 1. HP: 16/16 MP: 1/1
   154 | D:1      | Reached XP level 2. HP: 3/23 MP: 2/2
   159 | D:1      | Frozen to death by an endoplasm

Illustrated notes

Levels and vault maps discovered:
D:1:      ncdulo_lavacross, layout_loops_corners

Action                     || total
---------------------------++-------
  Melee: Unarmed           ||    10
         Punch             ||     1
         Tailslap          ||     1
 Armour: Skin              ||     1
  Dodge: Dodged            ||     5

Table legend: (Time is in decaauts)
 A = Elapsed time spent in this place.
 B = Non-inter-level travel time spent in this place.
 C = Inter-level travel time spent in this place.
 D = Time resting spent in this place.
 E = Time spent auto-exploring this place.
 F = Levels seen in this place.
 G = Mean time per level.
                   A        B        C        D        E       F      G
               +--------+--------+--------+--------+--------+-----+--------+
         Total |    158 |    158 |      0 |      0 |    132 |   1 |  158.0 |
       Dungeon |    158 |    158 |      0 |      0 |    132 |   1 |  158.0 |
               +--------+--------+--------+--------+--------+-----+--------+

Top non-repeatable levels by time:
     D:1: 158 daAuts
